 Dungeon Crawl Stone Soup version 0.21-a0-210-gbfa5647 (webtiles) character file.

105 suicidejoker the Insei (level 4, -1/23 HPs)
             Began as a Vine Stalker Monk on Aug 21, 2017.
             Killed by nerve-wracking pain
             ... invoked by Grinder
              (3 damage)
             ... on level 3 of the Dungeon on Aug 22, 2017.
             The game lasted 00:03:11 (1654 turns).

suicidejoker the Insei (Vine Stalker Monk)          Turns: 1654, Time: 00:03:12

Health: -1/23      AC:  2    Str: 14    XL:     4   Next: 81%
Magic:  0/5        EV: 13    Int: 10    God:
Gold:   60         SH:  0    Dex: 17    Spells: 3/3 levels left

rFire    + . .     SeeInvis .     - Unarmed
rCold    . . .     Gourm    +   (no shield)
rNeg     . . .     Faith    .   a - +0 robe
rPois    .         Spirit   +   (no helmet)
rElec    .         Reflect  .   (no cloak)
rCorr    .         Harm     .   (no gloves)
MR       .....                  (no boots)
Stlth    ++........             c - amulet of the gourmand
HPRegen  0.47/turn              e - ring of protection from fire
MPRegen  0.09/turn              (no ring)

@: no status effects
A: fangs 2, regeneration 1, magic shield, antimagic bite, no potion heal 3, rot
immunity
a: no special abilities


You were on level 3 of the Dungeon.
You were not hungry.

You visited 1 branch of the dungeon, and saw 3 of its levels.

You collected 60 gold pieces.

Inventory:

Hand Weapons
 d - a +0 dagger of protection
Armour
 a - a +0 robe (worn)
Jewellery
 c - an amulet of the gourmand (around neck)
 e - a ring of protection from fire (left hand)
Wands
 t - a wand of disintegration (9/24)
Scrolls
 i - 2 scrolls of identify {unknown}
 l - 2 scrolls of recharging {unknown}
 m - 3 scrolls of random uselessness {unknown}
 p - 2 scrolls of remove curse {unknown}
 q - a scroll of teleportation {unknown}
 u - a scroll of amnesia {unknown}
Potions
 f - 4 potions of berserk rage {unknown}
 h - 3 potions of flight {unknown}
 j - a potion of haste {unknown}
 k - a potion of degeneration {unknown}
 o - a potion of mutation {unknown}
 s - a potion of curing {unknown}
Comestibles
 b - 5 bread rations
 g - 2 meat rations
 n - a fruit
 r - a royal jelly


   Skills:
 + Level 2.9 Fighting
 + Level 3.0 Dodging
 + Level 2.9 Stealth
 * Level 4.4 Unarmed Combat


You had 3 spell levels left.
You didn't know any spells.

Dungeon Overview and Level Annotations

Branches:
Dungeon (3/15)

Altars:
Makhleb
Okawaru

Annotations:
D:3 Grinder


Innate Abilities, Weirdness & Mutations

You have extremely sharp teeth.
Your natural rate of healing is unusually fast.
When hurt, damage is shared between your health and your magic reserves.
Your bite disrupts and absorbs the magic of your enemies.
Potions cannot restore your health.
You are immune to rotting.


Message History

You barely miss Grinder. You bite Grinder.
Grinder's magic leaks into the air.
You drain her magic.
You feel invigorated.
Grinder is severely wounded.
Grinder says, "FISH!"
Grinder hits you.
You writhe in agony.
* * * LOW HITPOINT WARNING * * *
You hit Grinder.
Grinder is severely wounded.
Grinder hits you.
* * * LOW HITPOINT WARNING * * *
You writhe in agony.
* * * LOW HITPOINT WARNING * * *
You hit Grinder. You bite Grinder, but do no damage.
Grinder is severely wounded.
Grinder falters for a moment.
You closely miss Grinder. You bite Grinder, but do no damage.
Grinder is severely wounded.
Grinder gestures at you. Pain shoots through your body!
You die...

#. ..# #.# #..# #$# #..#
#.# #..# # #.# #..#
#.#.# ###..#
#.#.####....#######
#.................##
#.5@####.#.......†..
........# #.##.........
........# #.##.#####.##
......#.####.#..........
#...#.#.........#####.##
##.##.#####.##.## #.#
#.##.# #.##.# #.# #.##.#
#.##.# #.#
#.##.#####.##.# #.#


You could see Grinder.

Vanquished Creatures
  A crimson imp (D:2)
  2 adders
  An ooze (D:1)
  A worm (D:2)
  2 dart slugs
  A giant cockroach (D:1)
  5 hobgoblins
  A quokka (D:3)
  7 bats (D:1)
  3 frilled lizards
  7 goblins
  2 kobolds
  8 rats
41 creatures vanquished.

Notes
Turn   | Place    | Note
-------+----------+-------------------------------------------
     0 | D:1      | suicidejoker the Vine Stalker Monk began the quest for the Orb.
     0 | D:1      | Reached XP level 1. HP: 11/11 MP: 2/2
   296 | D:1      | Reached XP level 2. HP: 14/16 MP: 3/3
   497 | D:1      | Reached XP level 3. HP: 9/19 MP: 1/4
   986 | D:2      | Found an iron altar of Okawaru.
  1485 | D:2      | Gained mutation: Your natural rate of healing is unusually fast. [Vine Stalker growth]
  1485 | D:2      | Reached XP level 4. HP: 19/23 MP: 3/5
  1518 | D:2      | Found a burning altar of Makhleb.
  1526 | D:2      | Reached skill level 4 in Unarmed Combat
  1640 | D:3      | Noticed Grinder
  1652 | D:3      | HP: 1/23 [Grinder (2)]
  1654 | D:3      | Killed from afar by Grinder

Vault maps used:
D:1:      onia_arrival_mini_maze_b, minmay_misc_feat_tiny
D:2:      kennysheep_okawaru_gauntlet, makhleb_grotto_becter, serial_glass,
          glass_columns_a, glass_columns_c
D:3:      xom_teletrap_fun, uniq_grinder

Skill      XL: |  1  2  3  4 |
---------------+-------------+-----
Dodging        | 3 |  3.0
Unarmed Combat | 4 |  4.4
Fighting       | |  2.9
Stealth        | |  2.9

Action                   |  1- 3 |  4- 6 || total
-------------------------+-------+-------++-------
Melee: Unarmed           |    95 |    27 ||   122
       Bite              |    26 |    11 ||    37
       Punch             |     2 |       ||     2
 Stab: Sleeping          |     3 |     2 ||     5
  Eat: Chunk             |     8 |     1 ||     9
Armor: Robe              |    17 |     2 ||    19
Dodge: Dodged            |    50 |     7 ||    57

Table legend:
 A = Spawn XP
 B = Non-spawn XP
 C = Spawn XP percentage of total XP
 D = Spawn monster count
 E = Non-spawn monster count
 F = Spawn count percentage of total count
 G = Total turns spent on level
                    A         B        C        D         E        F      G
               +---------+---------+-------+---------+---------+-------+---------
         Total |      13 |     137 |   8.7 |       6 |      35 |  14.6 |  1654
               +---------+---------+-------+---------+---------+-------+---------
           D:1 |       5 |      44 |  10.2 |       3 |      23 |  11.5 |   975
           D:2 |       8 |      77 |   9.4 |       3 |       9 |  25.0 |   609
           D:3 |       0 |      16 |   0.0 |       0 |       3 |   0.0 |    70
               +---------+---------+-------+---------+---------+-------+---------
